 Dungeon Crawl Stone Soup version 0.27-a0-1557-g57f10a385c (webtiles) character file.

Game seed: 8599957532690387044

52 g2d2rocker the Skirmisher (level 3, -6/33 HPs)
             Began as a Draconian Berserker on July 15, 2021.
             Was a Follower of Trog.
             Mangled by an iguana (7 damage)
             ... on level 2 of the Dungeon.
             The game lasted 00:16:33 (1834 turns).

g2d2rocker the Skirmisher (Draconian Berserker)     Turns: 1834, Time: 00:16:33

Health: -6/33      AC: 12    Str: 19    XL:     3   Next: 60%
Magic:  3/3        EV: 12    Int:  7    God:    Trog [*.....]
Gold:   137        SH:  0    Dex: 11    Spells: 2/2 levels left

rFire    . . .     SeeInvis .   d - +0 dagger (protect)
rCold    . . .     Faith    .   (no shield)
rNeg     . . .     Spirit   .   (armour unavailable)
rPois    .         Reflect  .   (helmet restricted)
rElec    .         Harm     .   (no cloak)
rCorr    .         Rampage  .   (no gloves)
Will     .....                  (no boots)
Stlth    +.........             (no amulet)
HPRegen  0.11/turn              (no ring)
MPRegen  0.08/turn              (no ring)

@: under a protective aura
A: AC +5, unfitting armour, cold-blooded
a: Renounce Religion, Berserk


You were on level 2 of the Dungeon.
You worshipped Trog.
Trog was aware of your devotion.
You visited 1 branch of the dungeon, and saw 2 of its levels.

You collected 137 gold pieces.

Inventory:

Hand Weapons
 a - a +0 falchion
 c - a +0 dagger
 d - a +0 dagger of protection (weapon)
 h - a +0 dagger
 i - a +0 dagger
 m - a +0 hand axe
 n - a +0 short sword
Missiles
 e - 2 throwing nets (quivered)
 l - 2 javelins
 o - 28 stones
Armour
 f - a +0 ring mail
 q - a +0 leather armour
Jewellery
 b - an amulet of regeneration
Scrolls
 k - a scroll of magic mapping {unknown}
 p - a scroll of fog {unknown}
Potions
 g - 2 potions of attraction {unknown}
 j - a potion of invisibility


   Skills:
 + Level 3.7 Fighting
 + Level 0.5(2.3) Short Blades
 + Level 3.7 Long Blades
 + Level 3.2 Dodging
 + Level 0.2 Stealth


You had 2 spell levels left.
You didn't know any spells.
Your spell library was empty.

Dungeon Overview and Level Annotations

Branches:
Dungeon (2/15)

Altars:


Innate Abilities, Weirdness & Mutations

Your plain brown scales are hard. (AC +5)
You cannot fit into any form of body armour.
You are cold-blooded and may be slowed by cold attacks.


Message History

The iguana bites you!
* * * LOW HITPOINT WARNING * * *
You hit the iguana but do no damage.
Your weapon exudes an aura of protection.
You tail-slap the iguana, but do no damage.
The iguana barely misses you.
You hit the iguana but do no damage. You closely miss the iguana.
You tail-slap the iguana, but do no damage.
The iguana hisses menacingly.
The iguana bites you but does no damage.
You hit the iguana but do no damage.
The iguana bites you but does no damage.
You hit the iguana.
The iguana is lightly wounded.
The iguana closely misses you.
You hit the iguana.
The iguana is moderately wounded.
The iguana barely misses you.
You hit the iguana but do no damage.
The iguana is moderately wounded.
The iguana bites you.
* * * LOW HITPOINT WARNING * * *
You barely miss the iguana.
The iguana is moderately wounded.
The iguana closely misses you.
You hit the iguana.
You tail-slap the iguana, but do no damage.
The iguana is heavily wounded.
The iguana closely misses you.
You hit the iguana.
You tail-slap the iguana, but do no damage.
The iguana is heavily wounded.
The iguana closely misses you.
You barely miss the iguana.
The iguana is heavily wounded.
You hit the iguana but do no damage.
The iguana is heavily wounded.
The iguana bites you!
You die...

......#........# #.#
#.....#...####.## #.#
................# #.#
....#...........###.#
....#...............#
.................####
.................#
.........#######'####
.........##.....@...#
.........##.....l...#
.........##.........#
#######..##.........#
...# ..>##.........#
##.# ##.#..........#
.#.#####.#..........##
<#...................#
###†.....##..........#


You could see an iguana.

Vanquished Creatures
  2 adders (D:2)
  A worm (D:2)
  3 bats (D:1)
  3 endoplasms (D:1)
  A giant cockroach (D:2)
  3 hobgoblins
  5 jackals (D:2)
  A kobold (D:2)
  A quokka (D:1)
  5 ball pythons
  2 frilled lizards
  3 rats
30 creatures vanquished.

Notes
Turn   | Place    | Note
-------+----------+-------------------------------------------
     0 | D:1      | g2d2rocker the Draconian Berserker began the quest for the
                  | Orb.
     0 | D:1      | Reached XP level 1. HP: 19/19 MP: 1/1
   129 | D:1      | Found a faded altar of an unknown god.
   296 | D:1      | Reached XP level 2. HP: 17/26 MP: 2/2
  1535 | D:2      | Reached XP level 3. HP: 31/33 MP: 3/3
  1829 | D:2      | HP: 1/33 [iguana (3)]
  1834 | D:2      | Mangled by an iguana

Illustrated notes

Levels and vault maps discovered:
D:1:      eino_arrival_cavern_d, layout_rooms, serial_curves, eino_curves_02,
          eino_curves_01, basic_ecumenical_altar, roderic_lattice_a
D:2:      layout_basic, minmay_quantized

Skill      XL: |  1  2 |
---------------+-------+-----
Dodging        | 3 |  3.2
Fighting       | |  3.7
Short Blades   | |  0.5
Long Blades    | |  3.7
Stealth        | |  0.2

Action                   || total
-------------------------++-------
Melee: Falchion          ||    25
       Tailslap          ||    22
       Dagger            ||   100
Invok: Berserk           ||     2
  Use: Scroll            ||     1
       Potion            ||     1
Armor: Skin              ||    62
Dodge: Dodged            ||   119
       Rpst.: Falchion   ||     5

Table legend: (Time is in decaauts)
 A = Elapsed time spent in this place.
 B = Non-inter-level travel time spent in this place.
 C = Inter-level travel time spent in this place.
 D = Time resting spent in this place.
 E = Time spent auto-exploring this place.
 F = Levels seen in this place.
 G = Mean time per level.
                   A        B        C        D        E       F      G
               +--------+--------+--------+--------+--------+-----+--------+
         Total |   1848 |    506 |   1342 |    100 |      0 |   2 |  924.0 |
       Dungeon |   1848 |    506 |   1342 |    100 |      0 |   2 |  924.0 |
               +--------+--------+--------+--------+--------+-----+--------+

Top non-repeatable levels by time:
     D:1: 1407 daAuts
     D:2: 441 daAuts
